 Dungeon Crawl Stone Soup version 0.28-a0-589-g333b8329f1 (webtiles) character file.

Game seed: 13950918685949661769

2513 Heedrag the Cleaver (level 9, -6/79 HPs)
             Began as a Minotaur Fighter on Oct 3, 2021.
             Was an Initiate of Okawaru.
             Mangled by an orc knight (10 damage)
             ... in a bailey.
             The game lasted 00:10:03 (8392 turns).

Heedrag the Cleaver (Minotaur Fighter)              Turns: 8392, Time: 00:10:03

Health: -6/79      AC:  9    Str: 29    XL:     9   Next: 29%
Magic:  8/8        EV: 13    Int:  5    God:    Okawaru [......]
Gold:   482        SH:  6    Dex: 17    Spells: 8/8 levels left

rFire   . . .      SeeInvis .   B - +2 war axe (elec)
rCold   . . .      Faith    .   c - +0 buckler
rNeg    . . .      Spirit   .   b - +0 scale mail
rPois   .          Reflect  .   (helmet restricted)
rElec   .          Harm     .   (no cloak)
rCorr   .          Rampage  .   D - +0 pair of gloves
Will    .....                   (no boots)
Stlth   ..........              e - amulet of regeneration
HPRegen 1.23/turn               k - +6 ring of strength
MPRegen 0.11/turn               o - +6 ring of dexterity

@: mighty
A: horns 2, retaliatory headbutt
a: Renounce Religion


You were in a bailey.
You worshipped Okawaru.
Okawaru was noncommittal.
You visited 2 branches of the dungeon, and saw 9 of its levels.
You also visited: Bailey.

You collected 482 gold pieces.

Inventory:

Hand Weapons
 a - a +0 war axe
 B - a +2 war axe of electrocution (weapon)
   (You took it off an orc warrior on level 6 of the Dungeon)
 H - the +6 dagger of World's End {venom, Contam rN+ rCorr Str+3}
   (You found it on level 7 of the Dungeon)

   It poisons the flesh of those it strikes.
   Str:       It affects your strength (+3).
   rN:        It protects you from negative energy.
   Contam:    It causes magical contamination when unequipped.
   rCorr:     It protects you from acid and corrosion.
Missiles
 m - 8 poisoned darts (quivered)
 y - 3 silver javelins
 I - 2 throwing nets {!f}
Armour
 b - a +0 scale mail (worn)
 c - a +0 buckler (worn)
 D - a +0 pair of gloves (worn)
   (You found it on level 6 of the Dungeon)
 E - a +0 pair of boots
   (You found it on level 6 of the Dungeon)
Jewellery
 e - an amulet of regeneration (around neck)
   (You found it on level 6 of the Dungeon)
 k - a +6 ring of strength (left hand)
   (You found it on level 2 of the Dungeon)
 o - a +6 ring of dexterity (right hand)
   (You found it on level 4 of the Dungeon)
Wands
 d - a wand of iceblast (7)
   (You found it on level 4 of the Dungeon)
Scrolls
 g - a scroll of vulnerability {unknown}
 h - 9 scrolls of identify {unknown}
 j - 5 scrolls of teleportation {unknown}
 l - 3 scrolls of amnesia {unknown}
 n - a scroll of silence {unknown}
 q - a scroll of fog {unknown}
 u - a scroll of enchant weapon {unknown}
 v - a scroll of magic mapping {unknown}
 w - a scroll of enchant armour {unknown}
 C - 3 scrolls of acquirement {unknown}
 F - 2 scrolls of blinking {unknown}
 G - a scroll of torment {unknown}
Potions
 f - 2 potions of heal wounds {unknown}
 i - 3 potions of curing {unknown}
 p - 2 potions of berserk rage {unknown}
 r - a potion of attraction {unknown}
 s - 2 potions of mutation {unknown}
 x - 2 potions of haste {@q3}
 z - a potion of lignification {unknown}
 A - a potion of ambrosia {unknown}


   Skills:
 + Level 7.1 Fighting
 * Level 9.1 Axes
 + Level 7.2 Armour
 + Level 5.3 Dodging
 + Level 7.1 Shields


You had 8 spell levels left.
You didn't know any spells.
Your spell library contained the following spells:

 Spells                   Type           Power      Damage    Failure   Level
 Magic Dart               Conj           0%         1d3       71%         1
 Blink                    Tloc           N/A        N/A       83%         2
 Ensorcelled Hibernation  Hex/Ice        0%         N/A       83%         2
 Searing Ray              Conj           0%         2d4       83%         2
 Gell's Gravitas          Tloc           0%         N/A       97%         3
 Lesser Beckoning         Tloc           0%         N/A       97%         3
 Portal Projectile        Hex/Tloc       0%         N/A       97%         3
 Fulminant Prism          Conj/Hex       0%         3d6       100%        4
 Passage of Golubria      Tloc           N/A        N/A       100%        4
 Metabolic Englaciation   Hex/Ice        0%         N/A       100%        5
 Dispersal                Tloc           0%         N/A       100%        6


Dungeon Overview and Level Annotations

Branches:
Dungeon (8/15)             Temple (1/1) D:7          Bailey (1/1)
   Lair: D:8-11

Altars:
Ashenzari
Cheibriados
Dithmenos
Elyvilon
Fedhas
Gozag
Hepliaklqana
Kikubaaqudgha
Makhleb
Nemelex Xobeh
Okawaru
Qazlal
Ru
Sif Muna
Trog
Uskayaw
Vehumet
Wu Jian
Xom
Zin
The Shining One

Annotations:
D:2 1 runed translucent door, Crazy Yiuf
D:5 2 runed translucent doors, Heedrag's ghost, novice DsIE


Innate Abilities, Weirdness & Mutations

You have a pair of horns on your head.
You reflexively headbutt those who attack you in melee.


Message History

The kobold throws a boomerang.
The boomerang hits you but does no damage.
The kobold throws a boomerang.
You block the boomerang.
The kobold throws a boomerang.
The boomerang barely misses you.
The kobold throws a boomerang.
The boomerang hits you.
The kobold throws a boomerang.
You block the boomerang.
The kobold throws a boomerang.
You block the boomerang.
The kobold throws a boomerang.
The boomerang barely misses you.
The kobold throws a boomerang.
The boomerang completely misses you.
The kobold throws a boomerang.
The boomerang closely misses you.
The kobold throws a boomerang.
The boomerang hits you.
The kobold throws a boomerang.
The boomerang barely misses you.
The kobold throws a boomerang.
The boomerang barely misses you.
The kobold throws a boomerang.
The boomerang completely misses you.
The kobold throws a boomerang.
The boomerang misses you.
The kobold throws a boomerang.
The boomerang closely misses you.
The kobold throws a boomerang.
The boomerang hits you.
The kobold throws a boomerang.
The boomerang hits you but does no damage.
The kobold throws a boomerang.
The boomerang hits you but does no damage.
The kobold throws a boomerang.
You block the boomerang.
The kobold throws a boomerang.
The boomerang completely misses you.
The kobold throws a boomerang.
You block the boomerang.
The kobold throws a boomerang.
The boomerang hits you but does no damage.
The kobold throws a boomerang.
The boomerang misses you.
There is an open gate here.
There is a gate leading back out of this place here.
There is an empty arch of ancient stone here.
You hit the orc knight. Your headbutt misses the orc knight.
You block the orc knight's attack.
You hit the orc knight. Your headbutt misses the orc knight.
The orc knight hits you with a +0 war axe!!
You hit the orc knight but do no damage.
Lightning courses through the orc knight!
You headbutt the orc knight, but do no damage.
The orc knight hits you with a +0 war axe.
You hit the orc knight but do no damage.
The orc knight hits you with a +0 war axe!!
* * * LOW HITPOINT WARNING * * *
You closely miss the orc knight. You headbutt the orc knight!
The orc knight hits you with a +0 war axe!
* * * LOW HITPOINT WARNING * * *
You feel very mighty all of a sudden.
The orc knight hits you with a +0 war axe!!
* * * LOW HITPOINT WARNING * * *
You closely miss the orc knight.
The orc knight hits you with a +0 war axe!
You die...

#≈≈.......≈≈##
##≈.......≈##
####...####
#...# ##'''##
##..∩..##
#.......#
#...o...#
##..@..##
#######


You could see an orc knight.

Vanquished Creatures
  Menkaure (D:4)
  Edmund (D:4)
  A water moccasin (D:5)
  A hornet zombie (D:6)
  3 black bears
  An orc warrior (D:6)
  A necrophage (D:4)
  2 ice beasts (D:5)
  3 ogres
  A gnoll sergeant (D:7)
  Blork the orc (D:5)
  A bullfrog (D:7)
  3 scorpions
  A water moccasin zombie (D:6)
  2 wyvern skeletons
  3 centaur zombies
  A hound (D:5)
  An orc priest (D:8)
  A bullfrog skeleton (D:6)
  2 centaur skeletons
  Ijyb (D:3)
  Natasha (D:3)
  2 orc wizards
  A killer bee zombie (D:6)
  A hound zombie (D:5)
  2 howler monkey zombies
  4 adders
  15 gnolls
  A white imp (D:8)
  An adder skeleton (D:4)
  A worm (D:2)
  A dart slug (D:4)
  11 orcs
  7 endoplasms
  A giant cockroach (D:1)
  7 hobgoblins
  6 quokkas
  3 ball pythons
  3 bats
  3 frilled lizards (D:1)
  3 goblins
  11 kobolds
  4 rats
121 creatures vanquished.

Notes
Turn   | Place    | Note
-------+----------+-------------------------------------------
     0 | D:1      | Heedrag the Minotaur Fighter began the quest for the Orb.
     0 | D:1      | Reached XP level 1. HP: 19/19 MP: 0/0
   159 | D:1      | Reached XP level 2. HP: 27/27 MP: 1/1
   208 | D:1      | Found a faded altar of an unknown god.
   377 | D:1      | Reached skill level 3 in Axes
   972 | D:2      | Reached XP level 3. HP: 32/33 MP: 2/2
  1158 | D:2      | Reached skill level 1 in Dodging
  1239 | D:2      | Reached XP level 4. HP: 40/40 MP: 3/3
  1474 | D:2      | Found a runed translucent door.
  1475 | D:2      | Noticed Crazy Yiuf
  2218 | D:3      | Reached skill level 4 in Axes
  2366 | D:3      | Got the Grimoire of Warped Hexes
  2500 | D:3      | Noticed Natasha
  2503 | D:3      | Killed Natasha
  2504 | D:3      | Reached XP level 5. HP: 46/47 MP: 4/4
  2780 | D:4      | Noticed Ijyb
  2785 | D:4      | Noticed Edmund
  2834 | D:3      | Killed Ijyb
  2854 | D:4      | Killed Edmund
  2855 | D:4      | Reached XP level 6. HP: 24/53 MP: 5/5
  3056 | D:4      | Noticed Menkaure
  3068 | D:4      | Killed Menkaure
  3069 | D:4      | Reached skill level 5 in Axes
  3069 | D:4      | Reached skill level 5 in Armour
  3276 | D:4      | Reached skill level 5 in Fighting
  3276 | D:4      | Reached skill level 5 in Shields
  3283 | D:4      | Reached XP level 7. HP: 40/61 MP: 6/6
  4536 | D:5      | Entered Level 5 of the Dungeon
  4536 | D:5      | Found a runed translucent door.
  4553 | D:5      | Reached skill level 6 in Axes
  5014 | D:5      | Found a runed translucent door.
  5015 | D:5      | Noticed Heedrag's ghost (novice DsIE)
  5109 | D:5      | Reached XP level 8. HP: 47/70 MP: 7/7
  5288 | D:5      | Found a snail-covered altar of Cheibriados.
  5327 | D:5      | Noticed Blork the orc
  5336 | D:5      | Killed Blork the orc
  5342 | D:5      | Got Eceor's Almanac of the Voyage
  5428 | D:5      | Reached skill level 7 in Axes
  6226 | D:6      | Reached skill level 8 in Axes
  6536 | D:6      | Reached XP level 9. HP: 58/78 MP: 8/8
  6851 | D:6      | Reached skill level 5 in Dodging
  7138 | D:7      | Identified the +6 dagger of World's End {venom, Contam rN+
                  | rCorr Str+3}
  7193 | D:7      | Found a hide-covered altar of Uskayaw.
  7236 | D:7      | Found a staircase to the Ecumenical Temple.
  7496 | Temple   | Entered the Ecumenical Temple
  7682 | Temple   | Became a worshipper of Warmaster Okawaru
  8100 | D:7      | Found a bloodstained altar of Trog.
  8108 | D:7      | Reached skill level 9 in Axes
  8254 | D:8      | Found a sparkling altar of Nemelex Xobeh.
  8261 | D:8      | Found a shimmering blue altar of Sif Muna.
  8323 | D:8      | Found a flagged portal.
  8333 | Bailey   | Entered a bailey
  8363 | Bailey   | Noticed an orc knight
  8391 | Bailey   | HP: 3/79 [orc knight (21)]
  8392 | Bailey   | Mangled by an orc knight

Illustrated notes

Levels and vault maps discovered:
D:1:      minmay_arrival_four_circles, layout_loops_ring,
          hellmonk_ecumenical_altar_leap_of_faith, hangedman_decor_points,
          minmay_indecisive_spiral
D:2:      layout_loops_ring, chequers_serial_rivers_large_b,
          kennysheep_generic_room_11, uniq_crazy_yiuf_cottage
D:3:      layout_loops_ring, minmay_tree_intersection, uniq_natasha
D:4:      layout_layer_cave, st_stairs_1, uniq_menkaure, uniq_edmund, uniq_ijyb
D:5:      layout_cave_pods, mainiacjoe_overflow_concentric_impassable,
          ebering_ghost_sewer_f, uniq_blork_the_orc
D:6:      layout_loops_corners
D:7:      layout_basic, lemuel_coloured_pillars_altar, trog_ov_bears_minmay,
          minmay_temple_entry_slanted
D:8:      minmay_skewed_foursquare, layout_rooms, mainiacjoe_overflow_big_doors,
          yredelemnul_altar_generic, david_lair_shrubbed, enter_bailey_8,
          serial_bayou_pond_d
Temple:   eino_temple_rhombus
Bailey:   bailey_axe_3, bailey

Skill      XL: |  1  2  3  4  5  6  7  8  9 |
---------------+----------------------------+-----
Axes           | 3 4 5 6 8 9 |  9.1
Armour         | 4 5 6 7 |  7.2
Fighting       | 4 5 6 7 |  7.1
Dodging        | 1 2 3 4 5 |  5.3
Shields        | 4 5 6 7 |  7.1

Action                   |  1- 3 |  4- 6 |  7- 9 || total
-------------------------+-------+-------+-------++-------
Melee: War axe           |    64 |    77 |   153 ||   294
       Headbutt          |     9 |    13 |    37 ||    59
  Use: Potion            |       |       |     1 ||     1
Armor: Scale mail        |    24 |    28 |    50 ||   102
Dodge: Dodged            |    24 |    37 |   138 ||   199
Block: Buckler           |    14 |    19 |    51 ||    84

Table legend: (Time is in decaauts)
 A = Elapsed time spent in this place.
 B = Non-inter-level travel time spent in this place.
 C = Inter-level travel time spent in this place.
 D = Time resting spent in this place.
 E = Time spent auto-exploring this place.
 F = Levels seen in this place.
 G = Mean time per level.
                   A        B        C        D        E       F      G
               +--------+--------+--------+--------+--------+-----+--------+
         Total |   8486 |   8040 |    446 |   1307 |   5690 |  10 |  848.6 |
       Dungeon |   8224 |   7826 |    398 |   1307 |   5549 |   8 | 1028.0 |
        Temple |    202 |    154 |     48 |      0 |    141 |   1 |  202.0 |
        Bailey |     58 |     58 |      0 |      0 |      0 |   1 |   58.0 |
               +--------+--------+--------+--------+--------+-----+--------+

Top non-repeatable levels by time:
     D:4: 1792 daAuts
     D:5: 1384 daAuts
     D:2: 1252 daAuts
     D:6: 1199 daAuts
     D:7: 905 daAuts
     D:3: 818 daAuts
     D:1: 753 daAuts
  Temple: 202 daAuts
     D:8: 119 daAuts
  Bailey: 58 daAuts
